[Event "*** Titled Tuesday Blitz"]
[Site "Chess.com"]
[Date "2020.05.05"]
[Round "7"]
[White "manmanlai1"]
[Black "TudorAnton"]
[Result "0-1"]
[WhiteElo "2333"]
[BlackElo "2494"]
[TimeControl "180+1"]
[EndTime "11:21:32 PDT"]
[Termination "TudorAnton won by checkmate"]

1. e4 e5 2. Nf3 Nc6 3. Bc4 Bc5 4. O-O Nf6 5. d3 d6 6. c3 Bb6 7. a4 a5 8. Bb3 h6 9. Nbd2 g5 10. Nc4 Ba7 11. Be3 Be6 12. Bxa7 Rxa7 13. Ne3 Qd7 14.
Nd2 Ra8 15. Bc4 Bxc4 16. Ndxc4 Ne7 17. Qb3 b6 18. Rad1 Qc6 19. Kh1 O-O 20. f3 Nd7 21. d4 exd4 22. cxd4 d5 23. Ne5 Nxe5 24. dxe5 dxe4 25. Ng4 exf3 26. Rxf3 Qe6 27. Qxe6 fxe6 28. Rd7 Rxf3 29. gxf3 Kf7 30. Nxh6+ Ke8 31. Rxc7 Rd8 32. Ng4 Rd1+ 33. Kg2 Rd2+ 34. Kg1 Rxb2 35. Nf6+ Kf8 36. Ne4 b5 37. axb5 Rxb5 38. Nxg5 Rxe5 39. f4 Re2 40. Ra7 Nd5 41. Rxa5 Nxf4 42. Ra4 e5 43. Nf3 Ke7 44. Nxe5 Nh3+ 45. Kf1 Rxe5 46. Rh4 Ng5 47. Ra4 Kf6 48. Kf2 Kf5 49. Kg3 Ne4+ 50. Kf3 Ng5+ 51. Kg3 Re3+ 52. Kf2 Rh3 53. Kg2 Rc3 54. Kf2 Ne4+ 55. Ke2 Kf4 56. Kd1 Rh3 57. Kc2 Rxh2+ 58. Kb3 Ke3 59.
Ra8 Rd2 60. Kc4 Rd4+ 61. Kb5 Rd7 62. Kc4 Rc7+ 63. Kd5 Rc5+ 64. Ke6 Rb5 65. Ra1 Nd2 66. Re1+ Kf4 67. Rd1 Re5+ 68. Kf7 Nf3 69. Rf1 Re3 70.
Kf6 Kg4 71. Rf2 Ra3 72. Rg2+ Kf4 73. Rf2 Ra6+ 74. Ke7 Ke4 75. Re2+ Kd5 76. Rf2 Nd4 77. Rd2 Re6+ 78. Kd7 Rh6 79. Ke7 Ke5 80. Rd1 Rh7+ 81. Kd8 Nc6+ 82. Kc8 Nd4 83. Rd2 Kd5 84. Rd1 Kc5 85.
Rc1+ Kb6 86. Rd1 Kc5 87. Rc1+ Kd6 88. Rd1 Kc6 89. Rc1+ Kd6 90. Rd1 Rh4 91. Rd2 Kc5 92. Kc7 Rh7+ 93. Kd8 Kd5 94. Rd1 Ke5 95. Re1+ Kd6 96.
Ke8 Nf3 97. Rf1 Ne5 98. Kf8 Ke6 99. Re1 Rf7+ 100. Kg8 Rf5 101. Kg7 Rg5+ 102. Kh6 Rg3 103. Ra1 Kf5 104. Ra5 Rg1 105. Kh7 Ke6 106. Kh6 Kf6 107. Kh5 Rh1# 0-1

[Event "*** Titled Tuesday Blitz"]
[Site "Chess.com"]
[Date "2020.05.05"]
[Round "7"]
[White "MaxLeto"]
[Black "RianKapriaga"]
[Result "1-0"]
[WhiteElo "2333"]
[BlackElo "2144"]
[TimeControl "180+1"]
[EndTime "11:21:34 PDT"]
[Termination "MaxLeto won by checkmate"]

1. g4 d5 2. Bg2 c6 3. g5 h6 4. gxh6 Nxh6 5. d4 Nf5 6. Nf3 e6 7. Nbd2 Nd7 8. Nf1 Bd6 9. Ng3 Nxg3 10. hxg3 Rxh1+ 11. Bxh1 Qf6 12. Bg5 Qg6 13. Qd2 f6 14.
Be3 e5 15. O-O-O b6 16. dxe5 Nxe5 17. Nxe5 fxe5 18. Bxd5 cxd5 19. Qxd5 Rb8 20. Qxd6 Qxd6 21. Rxd6 Ke7 22. Rd5 Ke6 23. Rd8 Ra8 24. Re8+ Kf6 25. c4 Bb7 26. Rxa8 Bxa8 27. Kd2 g5 28. Kc3 g4 29. c5 bxc5 30. Bxc5 a6 31. Kb4 Bd5 32. a4 Ke6 33. Ka5 Bc4 34. e4 Bd3 35.
b4 Kd7 36. Kb6 Ke6 37. Bf8 Kd7 38. Bg7 Ke6 39. Ka5 Kd6 40. b5 axb5 41. axb5 Bxe4 42.
Ka6 Bd3 43. Kb6 e4 44. Ka5 Kc7 45. Bd4 Kd6 46. Kb4 Kd5 47. Be3 Be2 48. Ka5 Kd6 49.
b6 Kc6 50. Kb4 Ba6 51. Kc3 Kd5 52. Kd2 Kc4 53. Bf4 Kd4 54. Bc7 Bb7 55. Bd8 Ba6 56.
Bf6+ Kd5 57. Ke3 Bb7 58. Bd8 Bc8 59. Bc7 Bb7 60. Kf4 Bc8 61. Kg5 Kd4 62. Bf4 Kd5 63.
Be3 Bb7 64. Kxg4 Bc8+ 65. Kf4 Bb7 66. g4 Ke6 67. Kg5 Ke5 68. Kh6 Ke6 69. g5 Kf5 70. g6 Bd5 71. g7 Kf6 72. b7 Bxb7 73.
g8=Q Bd5 74. Qg5+ Ke6 75. Bd4 Kd6 76. Qe5+ Kc6 77. Qf6+ Kb5 78. Qd6 Kc4 79. Qc5+ Kd3 80. Qxd5 e3 81. Bxe3+ Ke2 82. Qd2+ Kf1 83. Qd3+ Kg2 84.
Qg6+ Kf1 85. Bg5 Kg2 86. f4 Kh3 87. f5 Kg4 88. f6 Kh3 89. f7 Kh2 90. f8=Q Kh3 91.
Bd8 Kh2 92. Qf2+ Kh3 93. Qfg3# 1-0

[Event "*** Titled Tuesday Blitz"]
[Site "Chess.com"]
[Date "2020.05.05"]
[Round "7"]
[White "ErikRonka"]
[Black "mirciulica14"]
[Result "1-0"]
[WhiteElo "2430"]
[BlackElo "2599"]
[TimeControl "180+1"]
[EndTime "11:21:35 PDT"]
[Termination "ErikRonka won by checkmate"]

1. e4 e5 2. Nf3 Nc6 3. Bb5 a6 4. Ba4 Nf6 5. O-O b5 6. Bb3 Bc5 7. a4 Rb8 8. c3 d6 9. d4 Bb6 10. a5 Ba7 11. h3 O-O 12. Be3 exd4 13. cxd4 Re8 14. Nbd2 h6 15. Re1 d5 16. e5 Ne4 17.
Rc1 Ne7 18. Qc2 Nxd2 19. Bxd2 c6 20. Bb4 Bf5 21. Qd2 Rc8 22. Bc2 Bxc2 23. Rxc2 Ng6 24.
Rec1 Qd7 25. Bc5 Bb8 26. Ne1 Qf5 27. Qd3 Qh5 28. Qf3 Qh4 29. Nd3 Re6 30. Bb6 Ne7 31. Nc5 Rg6 32. Nxa6 f6 33. Nxb8 Rxb8 34. Bc7 Ra8 35.
b4 fxe5 36. Bxe5 Rf8 37. Qd3 Rf5 38. Bg3 Qf6 39. Re1 Rh5 40. Rce2 Nf5 41. a6 Rhg5 42. a7 Nxg3 43. a8=Q+ Kh7 44. fxg3 Rxg3 45. Qxg3 Rxg3 46. Qe8 Qxd4+ 47. Kh2 Qf4 48. Qe5 Qxe5 49. Rxe5 Rb3 50.
Re6 Rc3 51. Rd6 Rc4 52. Ree6 d4 53. Rxc6 Rxb4 54. Red6 Kg8 55. Rd5 Kf7 56. Rcd6 Rb2 57. Rxd4 b4 58. Rb6 b3 59. Rdb4 Re2 60. Rxb3 Kg8 61.
Rf3 Re7 62. Rbb3 Kh7 63. Rbe3 Rd7 64. Rd3 Rc7 65. h4 Rc4 66. Kh3 Rc7 67. Rg3 Ra7 68.
Rdf3 Rb7 69. h5 Rb5 70. Kh4 Rb4+ 71. Rg4 Rb7 72. Rgf4 Kg8 73. Rf8+ Kh7 74. R8f7 Rb1 75. Rg3 Rh1+ 76. Kg4 Kh8 77. Kf3 Rxh5 78. Rgxg7 Ra5 79. Rh7+ Kg8 80. Rfg7+ Kf8 81. Rg4 Ra6 82. Rb4 Kg8 83. Rc7 Ra8 84. Rbc4 Rf8+ 85. Kg3 h5 86. R4c5 h4+ 87.
Kxh4 Rd8 88. Rc8 Rxc8 89. Rxc8+ Kf7 90. Rc7+ Ke6 91. Ra7 Kd6 92. g4 Kc6 93. g5 Kb6 94. g6 Kc6 95. g7 Kb6 96. g8=Q Kxa7 97. Qd5 Kb6 98. Qc4 Kb7 99. Kg5 Kb6 100. Kf5 Ka5 101. Ke5 Kb6 102. Kd5 Kb7 103. Qb5+ Ka7 104. Kc6 Ka8 105.
Qb7# 1-0

[Event "*** Titled Tuesday Blitz"]
[Site "Chess.com"]
[Date "2020.05.05"]
[Round "7"]
[White "WhiteCapital80"]
[Black "BIG_Pirate"]
[Result "1-0"]
[WhiteElo "2454"]
[BlackElo "2303"]
[TimeControl "180+1"]
[EndTime "11:22:09 PDT"]
[Termination "WhiteCapital80 won by checkmate"]

1. e4 d5 2. exd5 Qxd5 3. Nc3 Qa5 4. Nf3 Nf6 5. d4 Bg4 6. h3 Bh5 7. g4 Bg6 8. Ne5 e6 9. Bg2 c6 10. h4 Be4 11. f3 Bd5 12. O-O Nbd7 13. Nxd7 Nxd7 14.
h5 Bd6 15. Ne4 Bb8 16. Qe2 c5 17. dxc5 Nxc5 18. b4 Qxb4 19. Bd2 Qc4 20. Qxc4 Bxc4 21. Nxc5 Bxf1 22. Kxf1 Be5 23. Re1 Bg3 24. Rb1 b6 25. f4 Rc8 26. Ne4 Rxc2 27. Rc1 Rxc1+ 28. Bxc1 Bh4 29.
g5 O-O 30. Ke2 Rc8 31. Bd2 Rc2 32. a4 Ra2 33. Nc3 Rb2 34. Nd1 Ra2 35. Kd3 h6 36.
Nc3 Ra1 37. Be4 Be1 38. Bxe1 Rxe1 39. Nb5 Ra1 40. Nc3 Rf1 41. Ke3 Rc1 42. Kd2 Rf1 43.
Ne2 Ra1 44. Bc2 a6 45. g6 b5 46. axb5 axb5 47. Nd4 b4 48. Bb3 Rh1 49. f5 Rxh5 50.
gxf7+ Kxf7 51. Bxe6+ Kf6 52. Kd3 g6 53. fxg6 Kxg6 54.
Kc4 Kf6 55. Bc8 Rh4 56. Kd3 Ke5 57. Nf3+ Kf4 58. Nxh4 b3 59. Kc3 Kg3 60. Nf5+ Kf4 61.
Nxh6 Kg5 62. Nf7+ Kf6 63. Nd6 Ke7 64. Nc4 Kd8 65. Bh3 Kc7 66. Kxb3 Kc6 67. Kb4 Kc7 68. Bg2 Kd8 69. Kc5 Ke7 70. Be4 Kf6 71.
Kd5 Kg7 72. Ke5 Kh6 73. Kf5 Kg7 74. Ne5 Kf8 75. Ke6 Kg7 76. Ke7 Kh6 77. Kf6 Kh5 78. Bf5 Kh6 79. Nf3 Kh5 80. Be4 Kh6 81. Bd3 Kh5 82.
Bg6+ Kg4 83. Be4 Kf4 84. Ba8 Ke3 85. Ne5 Kd4 86. Kf5 Kc5 87. Ke4 Kd6 88. Kd4 Ke6 89.
Bd5+ Kf5 90. Nd3 Kf6 91. Ke4 Ke7 92. Ke5 Kf8 93. Nf4 Kg7 94. Kf5 Kh6 95. Bf7 Kg7 96.
Be6 Kh6 97. Kf6 Kh7 98. Bf5+ Kh6 99. Bg4 Kh7 100. Ng6 Kh6 101. Bf3 Kh7 102. Bd5 Kh6 103. Bg8 Kh5 104. Ne5 Kh4 105. Bd5 Kg3 106. Nd3 Kh2 107. Kf5 Kg1 108. Kf4 Kf1 109. Kf3 Kg1 110. Kg3 Kf1 111. Bf3 Kg1 112. Be2 Kh1 113. Nf4 Kg1 114. Nh3+ Kh1 115. Bf3# 1-0

[Event "*** Titled Tuesday Blitz"]
[Site "Chess.com"]
[Date "2020.05.05"]
[Round "8"]
[White "cukin84"]
[Black "mjray79"]
[Result "1-0"]
[WhiteElo "2082"]
[BlackElo "2239"]
[TimeControl "180+1"]
[EndTime "11:29:35 PDT"]
[Termination "cukin84 won by checkmate"]

1. e4 e5 2. Nf3 Nc6 3. c3 Nf6 4. d4 exd4 5. e5 Ne4 6. Qe2 Nc5 7.
cxd4 Na6 8. d5 Ne7 9. d6 Ng6 10. Bg5 f6 11. exf6+ Kf7 12. Qc4+ Ke8 13. f7# 1-0

[Event "*** Titled Tuesday Blitz"]
[Site "Chess.com"]
[Date "2020.05.05"]
[Round "8"]
[White "Herracek"]
[Black "Alexander_Donchenko"]
[Result "0-1"]
[WhiteElo "2596"]
[BlackElo "2788"]
[TimeControl "180+1"]
[EndTime "11:29:37 PDT"]
[Termination "Alexander_Donchenko won by resignation"]

1. c4 b6 2. g3 Bb7 3. Nf3 g6 4. Bg2 Bg7 5. Nc3 Nf6 6. d3 O-O 7. Bg5 c5 8. Qd2 Nc6 9. O-O d6 10. Bh6 Qd7 11. Bxg7 Kxg7 12. Rab1 Nd4 13. Nxd4 cxd4 14.
Bxb7 dxc3 0-1

[Event "*** Titled Tuesday Blitz"]
[Site "Chess.com"]
[Date "2020.05.05"]
[Round "8"]
[White "Gurvich_Vitaly"]
[Black "Aureliano-Buendia"]
[Result "1-0"]
[WhiteElo "2552"]
[BlackElo "2406"]
[TimeControl "180+1"]
[EndTime "11:29:54 PDT"]
[Termination "Gurvich_Vitaly won by resignation"]

1. e4 e5 2. Nf3 Nc6 3. Bb5 Nf6 4. O-O Nxe4 5. d4 Nd6 6. dxe5 Nxb5 7. a4 Nbd4 8. Nxd4 Nxd4 9. Qxd4 d5 10. exd6 Qxd6 11. Qe4+ Qe6 12. Qd4 Qd6 13. Qe3+ Qe6 14. Qg3 Qc6 15.
Nc3 Be6 16. Nb5 O-O-O 17. Nxa7+ 1-0

[Event "*** Titled Tuesday Blitz"]
[Site "Chess.com"]
[Date "2020.05.05"]
[Round "8"]
[White "CastleOasisChess"]
[Black "Gandrade2"]
[Result "1/2-1/2"]
[WhiteElo "2125"]
[BlackElo "2031"]
[TimeControl "180+1"]
[EndTime "11:30:11 PDT"]
[Termination "Game drawn by agreement"]

1. d4 d5 2. e3 Bf5 3. Bd3 Bxd3 4. Qxd3 c6 5. Nd2 Nf6 6. f4 Nbd7 7. c3 e6 8. Ngf3 Be7 9. O-O O-O 10. e4 dxe4 11. Nxe4 Nxe4 12. Qxe4 Nf6 13. Qe2 Qd5 14. Be3 1/2-1/2

[Event "*** Titled Tuesday Blitz"]
[Site "Chess.com"]
[Date "2020.05.05"]
[Round "8"]
[White "shav3184"]
[Black "S-Fazulyanov"]
[Result "1-0"]
[WhiteElo "2350"]
[BlackElo "2524"]
[TimeControl "180+1"]
[EndTime "11:30:17 PDT"]
[Termination "shav3184 won by resignation"]

1. e4 c5 2. Nf3 Nc6 3. d4 cxd4 4. Nxd4 g6 5. c4 Nf6 6. Nc3 Nxd4 7. Qxd4 d6 8. Be2 Bg7 9. Be3 O-O 10. Qd2 Ng4 11. Bxg4 Bxg4 12. O-O Rc8 13. b3 a6 14. Rac1 b5 15. cxb5 Bxc3 16. Rxc3 Rxc3 17. Qxc3 axb5 18. Bh6 f6 19. Bxf8 Kxf8 20. Rc1 Kf7 21. a4 bxa4 22. bxa4 Qa5 23. Qxa5 1-0

[Event "*** Titled Tuesday Blitz"]
[Site "Chess.com"]
[Date "2020.05.05"]
[Round "8"]
[White "RestartingChess"]
[Black "giantslayer83"]
[Result "0-1"]
[WhiteElo "2514"]
[BlackElo "2714"]
[TimeControl "180+1"]
[EndTime "11:30:21 PDT"]
[Termination "giantslayer83 won by checkmate"]

1. e4 e5 2. Nf3 Nc6 3. Bc4 Bc5 4. c3 Nf6 5. O-O Nxe4 6. d4 d5 7. Re1 Bb6 8. Nxe5 Nxe5 9. Bb3 O-O 10. f3 Qh4 11.
fxe4 Ng4 12. Bf4 Qf2+ 13. Kh1 Qxf4 14. Rf1 Qxh2# 0-1

[Event "*** Titled Tuesday Blitz"]
[Site "Chess.com"]
[Date "2020.05.05"]
[Round "8"]
[White "DLR7"]
[Black "DrVitman"]
[Result "1/2-1/2"]
[WhiteElo "2783"]
[BlackElo "2541"]
[TimeControl "180+1"]
[EndTime "11:30:42 PDT"]
[Termination "Game drawn by repetition"]

1. e4 c5 2. Nf3 Nc6 3. b3 e5 4. Bb2 d6 5. Bb5 Bd7 6. O-O Nge7 7. Nc3 a6 8. Bxc6 Bxc6 9. a4 b5 10. axb5 axb5 11. Qe2 b4 12. Nd5 Nxd5 13. exd5 Bxd5 14. Qb5+ Qd7 15. Rxa8+ Bxa8 16. Qb8+ Qd8 17. Qb5+ Qd7 18. Qb8+ Qd8 19. Qb5+ Qd7 1/2-1/2

[Event "*** Titled Tuesday Blitz"]
[Site "Chess.com"]
[Date "2020.05.05"]
[Round "8"]
[White "Blitzking642"]
[Black "CMS13"]
[Result "0-1"]
[WhiteElo "2294"]
[BlackElo "2194"]
[TimeControl "180+1"]
[EndTime "11:30:55 PDT"]
[Termination "CMS13 won by resignation"]

1. e4 e5 2. Nf3 Nc6 3. d4 exd4 4. Nxd4 Bc5 5. Nb3 Bb6 6. Nc3 d6 7. Qe2 Nf6 8. Bg5 h6 9. Be3 O-O 10. O-O-O Re8 11. f3 Be6 12. Bxb6 axb6 13. Kb1 Bxb3 14. axb3 Nb4 15. Qc4 Nc6 16. g4 Ne5 17. Be2 Nxc4 0-1

[Event "*** Titled Tuesday Blitz"]
[Site "Chess.com"]
[Date "2020.05.05"]
[Round "8"]
[White "chiwii"]
[Black "leopato"]
[Result "0-1"]
[WhiteElo "2239"]
[BlackElo "2092"]
[TimeControl "180+1"]
[EndTime "11:30:55 PDT"]
[Termination "leopato won by resignation"]

1. e4 c5 2. Nf3 d6 3. d4 cxd4 4. Nxd4 Nf6 5. Be2 Nxe4 6. O-O e6 7. Nc3 Nxc3 8. bxc3 Be7 9. Bf3 O-O 10. Rb1 d5 11.
Bf4 Nc6 12. Nb5 e5 13. Bg3 Be6 14. Re1 a6 15. Bxe5 axb5 16. Rxb5 Rxa2 17. Rxb7 Nxe5 18. Rxe5 Bf6 19. Re3 Qc8 20. Rb3 d4 21. cxd4 Bxb3 0-1

[Event "*** Titled Tuesday Blitz"]
[Site "Chess.com"]
[Date "2020.05.05"]
[Round "8"]
[White "ShahMatKanal"]
[Black "Quiet_Desperation"]
[Result "1-0"]
[WhiteElo "2406"]
[BlackElo "2226"]
[TimeControl "180+1"]
[EndTime "11:31:05 PDT"]
[Termination "ShahMatKanal won by resignation"]

1. Nf3 Nf6 2. c4 e6 3. Nc3 b6 4. e4 Bb7 5. Qc2 d6 6. d4 Be7 7. Bd3 O-O 8. O-O Nbd7 9. e5 dxe5 10. dxe5 Ng4 11. Bxh7+ Kh8 12. Be4 Qc8 13. Bf4 f5 14. exf6 Ngxf6 15. Bxb7 Qxb7 16. Ng5 e5 17. Nd5 exf4 18.
Nxe7 1-0

[Event "*** Titled Tuesday Blitz"]
[Site "Chess.com"]
[Date "2020.05.05"]
[Round "8"]
[White "DortmundCity"]
[Black "Anton_Demchenko"]
[Result "0-1"]
[WhiteElo "2462"]
[BlackElo "2855"]
[TimeControl "180+1"]
[EndTime "11:31:10 PDT"]
[Termination "Anton_Demchenko won by resignation"]

1. e4 e5 2. Nf3 Nc6 3. Bc4 Nf6 4.
d3 Be7 5. O-O O-O 6. c3 d6 7. h3 Kh8 8. b4 a6 9. Re1 Ng8 10. a4 f5 11. Nbd2 Bf6 12. exf5 d5 13.
Bb3 Bxf5 14. Nf1 e4 15. dxe4 dxe4 16. Nd4 Nxd4 17. cxd4 Bxd4 18. Bg5 Bxf2+ 19. Kxf2 Qxg5 20. Qd2 Bxh3+ 21. Kg1 0-1

[Event "*** Titled Tuesday Blitz"]
[Site "Chess.com"]
[Date "2020.05.05"]
[Round "8"]
[White "Saloni1299"]
[Black "vovachesss"]
[Result "0-1"]
[WhiteElo "2335"]
[BlackElo "2555"]
[TimeControl "180+1"]
[EndTime "11:31:10 PDT"]
[Termination "vovachesss won by resignation"]

1. e4 e5 2. Nf3 d5 3. exd5 e4 4. Ng1 Qxd5 5. Nc3 Qe5 6. Bc4 Bc5 7. Qe2 Nf6 8. Nf3 Qe7 9. Ng5 Bf5 10.
Bxf7+ Kf8 11. Bb3 Nc6 12. O-O Nd4 13. Qc4 h6 14. Nf7 Rh7 15. d3 Be6 16. Qb5 Nxb5 17. Nxb5 Bxb3 0-1

[Event "*** Titled Tuesday Blitz"]
[Site "Chess.com"]
[Date "2020.05.05"]
[Round "8"]
[White "CalinGheorghiu"]
[Black "Bagirova"]
[Result "1-0"]
[WhiteElo "2376"]
[BlackElo "2188"]
[TimeControl "180+1"]
[EndTime "11:31:23 PDT"]
[Termination "CalinGheorghiu won by resignation"]

1. d4 d5 2. c4 e6 3. Nc3 a6 4. Nf3 dxc4 5. e4 b5 6. a4 b4 7. Ne2 Nf6 8. Ng3 Bb7 9. e5 Nd5 10. Bxc4 c5 11. O-O Nd7 12. Re1 Be7 13. Ne4 O-O 14. Bg5 h6 15. Bxe7 Qxe7 16. Nd6 1-0

[Event "*** Titled Tuesday Blitz"]
[Site "Chess.com"]
[Date "2020.05.05"]
[Round "8"]
[White "Larina_Marija"]
[Black "Shushik"]
[Result "0-1"]
[WhiteElo "2131"]
[BlackElo "2046"]
[TimeControl "180+1"]
[EndTime "11:31:32 PDT"]
[Termination "Shushik won by checkmate"]

1. e4 e5 2. Nf3 Nc6 3. Nc3 g6 4.
d4 exd4 5. Nd5 Bg7 6. Bg5 Nce7 7.
Nxd4 c6 8. Nxe7 Nxe7 9. Qd2 O-O 10. O-O-O Re8 11. Bh6 Bh8 12. h4 d5 13. exd5 Qxd5 14.
Kb1 Qxd4 15. Qxd4 Bxd4 16. Rxd4 Nf5 17. Be3 Nxd4 18. Bxd4 Re1# 0-1

[Event "*** Titled Tuesday Blitz"]
[Site "Chess.com"]
[Date "2020.05.05"]
[Round "8"]
[White "martabartel"]
[Black "Bastiandash"]
[Result "1-0"]
[WhiteElo "2292"]
[BlackElo "2104"]
[TimeControl "180+1"]
[EndTime "11:31:53 PDT"]
[Termination "martabartel won by resignation"]

1. d4 Nf6 2. c4 e6 3. Nf3 Bb4+ 4.
Nc3 b6 5. Bg5 h6 6. Bh4 Bb7 7. e3 g5 8. Bg3 Bxc3+ 9. bxc3 Ne4 10. Qc2 d6 11. Bd3 f5 12. d5 exd5 13. cxd5 Bxd5 14. Nd4 Qf6 15. f3 Nxg3 16. hxg3 O-O 17. Nxf5 Qxf5 1-0

[Event "*** Titled Tuesday Blitz"]
[Site "Chess.com"]
[Date "2020.05.05"]
[Round "8"]
[White "Lagmantr"]
[Black "Artem_Sadovsky"]
[Result "0-1"]
[WhiteElo "2695"]
[BlackElo "2558"]
[TimeControl "180+1"]
[EndTime "11:32:06 PDT"]
[Termination "Artem_Sadovsky won by resignation"]

1. e4 g6 2. g3 Bg7 3. Bg2 e5 4.
Ne2 Ne7 5. O-O O-O 6. d3 d5 7. exd5 Nxd5 8. Nbc3 Be6 9. Re1 Nc6 10. Bg5 Nxc3 11. Bxd8 Nxd1 12. Bxc7 Nxb2 13. Rab1 e4 14. Bxe4 Bxa2 15. Ra1 Be6 16. c3 Rac8 17. Bf4 Rfd8 18.
Nc1 Bxc3 19. Re2 Nxd3 20. Nxd3 Bxa1 21. Nc5 Nd4 22. Re1 0-1

[Event "*** Titled Tuesday Blitz"]
[Site "Chess.com"]
[Date "2020.05.05"]
[Round "8"]
[White "Kingsman132"]
[Black "bolence16"]
[Result "1-0"]
[WhiteElo "2375"]
[BlackElo "2166"]
[TimeControl "180+1"]
[EndTime "11:32:12 PDT"]
[Termination "Kingsman132 won by resignation"]

1. d4 Nf6 2. c4 g6 3. Nc3 d5 4. cxd5 Nxd5 5. e4 Nxc3 6. bxc3 Bg7 7. Bc4 c5 8. Ne2 O-O 9. O-O Qc7 10. Bf4 e5 11.
Bxe5 Bxe5 12. dxe5 Qxe5 13. Qc2 Nc6 14. f4 Qe7 15. f5 Ne5 16. f6 Qc7 17. Qd2 Kh8 18.
Bd5 Qd6 19. Rad1 Be6 20. Qh6 Rg8 21. Bxb7 1-0

[Event "*** Titled Tuesday Blitz"]
[Site "Chess.com"]
[Date "2020.05.05"]
[Round "8"]
[White "Dinamo81"]
[Black "Philosopherrr"]
[Result "1-0"]
[WhiteElo "2650"]
[BlackElo "2495"]
[TimeControl "180+1"]
[EndTime "11:32:19 PDT"]
[Termination "Dinamo81 won by resignation"]

1. d4 Nf6 2. Bf4 d5 3. e3 c5 4.
Nc3 Nc6 5. Nb5 Qa5+ 6. c3 a6 7. Nc7+ Kd8 8. Nxa8 Ne8 9. Nf3 Bg4 10. Qb3 Bxf3 11.
Qxb7 e5 12. Qxc6 exf4 13. gxf3 fxe3 14. Qxd5+ Bd6 15. fxe3 Ke7 16. Qb7+ Kf8 17. Bc4 Bc7 18. Qd5 Nd6 19. dxc5 Nxc4 20. Nxc7 Qxc7 21. Qxc4 h5 22.
O-O-O 1-0

[Event "*** Titled Tuesday Blitz"]
[Site "Chess.com"]
[Date "2020.05.05"]
[Round "8"]
[White "Unknown_IM"]
[Black "AndrewDGreen"]
[Result "1-0"]
[WhiteElo "2523"]
[BlackElo "2294"]
[TimeControl "180+1"]
[EndTime "11:32:19 PDT"]
[Termination "Unknown_IM won by resignation"]

1. Nf3 c5 2. c4 g6 3. d4 cxd4 4. Nxd4 Bg7 5. e4 Nc6 6. Be3 Qb6 7. Nb5 Qa5+ 8. N5c3 Qc7 9. Be2 b6 10. O-O Bb7 11. Nd5 Qd8 12. Nbc3 d6 13. Rc1 e6 14. Nf4 Nge7 15. Nb5 Nc8 16. Qd2 a6 17. Nc3 O-O 18.
Rfd1 Qe7 19. b3 f5 20. exf5 gxf5 21. Bf3 Ra7 22. Nxe6 Rf6 1-0

[Event "*** Titled Tuesday Blitz"]
[Site "Chess.com"]
[Date "2020.05.05"]
[Round "8"]
[White "SARGISMV"]
[Black "Tsyhanchuk_Stanislav"]
[Result "0-1"]
[WhiteElo "2449"]
[BlackElo "2588"]
[TimeControl "180+1"]
[EndTime "11:32:34 PDT"]
[Termination "Tsyhanchuk_Stanislav won by resignation"]

1. d4 Nf6 2. Nf3 d5 3. c4 c6 4. e3 g6 5. Nc3 Bg7 6. Be2 O-O 7.
O-O dxc4 8. Bxc4 Bf5 9. Ne5 Nbd7 10. Qb3 e6 11. Qxb7 Nxe5 12. dxe5 Ng4 13. f4 Qh4 14. h3 Nxe5 15. Be2 Nd3 16. e4 Bxh3 17.
gxh3 Qg3+ 18. Kh1 Qxh3+ 19. Kg1 Bd4+ 0-1

[Event "*** Titled Tuesday Blitz"]
[Site "Chess.com"]
[Date "2020.05.05"]
[Round "8"]
[White "politeplayer"]
[Black "ChessQueen"]
[Result "0-1"]
[WhiteElo "2236"]
[BlackElo "2667"]
[TimeControl "180+1"]
[EndTime "11:32:37 PDT"]
[Termination "ChessQueen won by resignation"]

1. e4 c6 2. d4 d5 3. exd5 cxd5 4. c4 Nf6 5. Nc3 Nc6 6. Nf3 a6 7. cxd5 Nxd5 8. Bc4 Be6 9. Nxd5 Bxd5 10. Bxd5 Qxd5 11. O-O e6 12. Re1 Be7 13. Qb3 Qxb3 14. axb3 Rd8 15. Be3 Rd5 16. Rac1 O-O 17. Ne5 Nxd4 18. Bxd4 Rxd4 19.
Red1 Rxd1+ 20. Rxd1 Rd8 21. Rxd8+ Bxd8 22. Nd7 Be7 23.
f3 f6 24. Nb6 Bc5+ 0-1

[Event "*** Titled Tuesday Blitz"]
[Site "Chess.com"]
[Date "2020.05.05"]
[Round "8"]
[White "smshk35"]
[Black "PauloCesarCosta_sad"]
[Result "0-1"]
[WhiteElo "2370"]
[BlackElo "2217"]
[TimeControl "180+1"]
[EndTime "11:32:37 PDT"]
[Termination "PauloCesarCosta_sad won by resignation"]

1. e4 e6 2. d4 d5 3. Nc3 Nf6 4. Bg5 Be7 5. e5 Nfd7 6. h4 Bxg5 7. hxg5 Qxg5 8. Nh3 Qe7 9. Qg4 g6 10. Ng5 h6 11. Nh3 c5 12. Nb5 Kd8 13. Nd6 cxd4 14. Ng5 Nxe5 15. Qxd4 Qxg5 16. Qxe5 Qxe5+ 0-1

[Event "*** Titled Tuesday Blitz"]
[Site "Chess.com"]
[Date "2020.05.05"]
[Round "8"]
[White "Harut-1998"]
[Black "RaunakSadhwani2005"]
[Result "1-0"]
[WhiteElo "2754"]
[BlackElo "2859"]
[TimeControl "180+1"]
[EndTime "11:32:41 PDT"]
[Termination "Harut-1998 won by resignation"]

1. d4 Nf6 2. Nf3 g6 3. Nbd2 Bg7 4. e4 d6 5. Bb5+ c6 6. Bd3 O-O 7. O-O Bg4 8. h3 Bxf3 9. Nxf3 Nbd7 10. c3 e5 11. Re1 Re8 12. dxe5 dxe5 13. Be3 a5 14. Qb3 b5 15. Ng5 Re7 16. a4 h6 17.
Nf3 Rb8 18. axb5 cxb5 19. Qa3 Nf8 20. Red1 Rd7 21. Nxe5 Rd6 22. Bc5 Re6 23. Bc4 Rxe5 24. Rxd8 Rxd8 25. Bd4 Rxe4 26. Bxb5 1-0

[Event "*** Titled Tuesday Blitz"]
[Site "Chess.com"]
[Date "2020.05.05"]
[Round "8"]
[White "Ceejay271"]
[Black "Colombiano07"]
[Result "1-0"]
[WhiteElo "2378"]
[BlackElo "2178"]
[TimeControl "180+1"]
[EndTime "11:32:54 PDT"]
[Termination "Ceejay271 won by resignation"]

1. Nf3 d5 2. d4 Bf5 3. c4 e6 4. Nc3 c6 5. Qb3 Qb6 6. c5 Qxb3 7. axb3 Na6 8. e3 Nb4 9. Ra4 a5 10. Na2 Nxa2 11. Rxa2 Be7 12. Be2 Bd8 13. b4 Nf6 14. Bd2 Ne4 15. O-O Nxd2 16. Nxd2 O-O 17. Rfa1 a4 18.
Rxa4 Rxa4 19. Rxa4 Bc7 20. b5 Rb8 21. b6 Bd8 22. Ra7 f6 23. Nb3 e5 24. Na5 Bc8 25. b4 1-0

[Event "*** Titled Tuesday Blitz"]
[Site "Chess.com"]
[Date "2020.05.05"]
[Round "8"]
[White "Stormeman100100"]
[Black "Pechen_Yeltsina"]
[Result "1-0"]
[WhiteElo "2561"]
[BlackElo "2702"]
[TimeControl "180+1"]
[EndTime "11:32:59 PDT"]
[Termination "Stormeman100100 won on time"]

1. e4 g6 2. g3 Bg7 3. Bg2 d6 4. Nc3 c5 5. d3 Nc6 6. Be3 e6 7. Qd2 Nd4 8. h4 h6 9. Nd1 Nf6 10. c3 Nc6 11. f3 b5 12. Ne2 Rb8 13.
d4 cxd4 14. cxd4 d5 15. e5 Nd7 16. Nf2 b4 17. h5 g5 18. f4 gxf4 19. Nxf4 b3 20.
O-O 1-0

[Event "*** Titled Tuesday Blitz"]
[Site "Chess.com"]
[Date "2020.05.05"]
[Round "8"]
[White "okriak"]
[Black "artooon"]
[Result "0-1"]
[WhiteElo "2798"]
[BlackElo "2654"]
[TimeControl "180+1"]
[EndTime "11:33:01 PDT"]
[Termination "artooon won by resignation"]

1. Nf3 Nf6 2. c4 e6 3. Nc3 d5 4.
e3 Nbd7 5. b3 b6 6. Bb2 Bb7 7.
cxd5 exd5 8. d4 a6 9. Bd3 Bd6 10. O-O O-O 11. Qc2 h6 12. Rac1 c5 13. Bf5 Qe7 14.
Rfd1 Rfd8 15. Bxd7 Rxd7 16. Na4 cxd4 17. Nxb6 Rc7 18.
Qd3 dxe3 19. Bxf6 exf2+ 20. Kxf2 Qxf6 21. Rxc7 Bxc7 22. Nxa8 Bxa8 23. Kg1 Bc6 24. Qd4 Qd8 25. Kh1 Bb6 26. Qc3 Bb7 27. Nd4 Qf6 28. b4 Qe5 29. a4 Bc7 30. Qg3 Qh5 0-1

[Event "*** Titled Tuesday Blitz"]
[Site "Chess.com"]
[Date "2020.05.05"]
[Round "8"]
[White "oskariot"]
[Black "Apocalyps999"]
[Result "1-0"]
[WhiteElo "2608"]
[BlackElo "2420"]
[TimeControl "180+1"]
[EndTime "11:33:03 PDT"]
[Termination "oskariot won by resignation"]

1. e4 c5 2. Nf3 e6 3. g3 a6 4. Bg2 b5 5. d4 cxd4 6. Nxd4 Bb7 7. O-O Qc7 8. Nc3 Nf6 9. Re1 d6 10. a4 bxa4 11. Nd5 exd5 12. exd5+ Be7 13. Nf5 O-O 14. Rxe7 Nbd7 15. Bf4 Qb6 16. Nxd6 Rad8 17. Nxb7 Qxb7 18. Qd4 Qb5 19. Rxa4 Rfe8 20. d6 Nc5 21. Rb4 Rxe7 22. Rxb5 Re1+ 23. Bf1 axb5 24. Qxc5 Ne4 25. Qc7 1-0